 Dungeon Crawl Stone Soup version 0.29-a0-275-g389c0b56f3 (webtiles) character file.

Game seed: 12406560598993552992

2 Colgate the Sneak (level 1, -1/9 HPs)
             Began as a Spriggan Enchanter on Mar 9, 2022.
             Slain by an endoplasm (3 damage)
             ... on level 1 of the Dungeon.
             The game lasted 00:01:33 (112 turns).

Colgate the Sneak (Spriggan Enchanter)               Turns: 112, Time: 00:01:34

Health: -1/9       AC:  2    Str:  4    XL:     1   Next: 25%
Magic:  5/5        EV: 17    Int: 16    God:
Gold:   0          SH:  0    Dex: 15    Spells: 5/5 levels left

rFire   . . .      SeeInvis +   a - +1 dagger
rCold   . . .      Faith    .   (no shield)
rNeg    . . .      Spirit   .   b - +0 robe
rPois   .          Reflect  .   (helmet restricted)
rElec   .          Harm     .   (no cloak)
rCorr   .          Rampage  .   (gloves unavailable)
Will    .....                   (boots unavailable)
Stlth   +++.......              (no amulet)
HPRegen 0.03/turn               (no ring)
MPRegen 0.09/turn               (no ring)

@: very quick
A: very small, no large weapons, unfitting armour, see invisible, speed 3
a: no special abilities


You were on level 1 of the Dungeon.
You visited 1 branch of the dungeon, and saw 1 of its levels.

Inventory:

Hand Weapons
 a - a +1 dagger (weapon)
Armour
 b - a +0 robe (worn)
Potions
 c - 2 potions of invisibility


   Skills:
 - Level 1.1 Short Blades
 - Level 2.6 Dodging
 - Level 4.4 Stealth
 - Level 2.6 Spellcasting
 + Level 3.8 Hexes


You had 5 spell levels left.
You didn't know any spells.
Your spell library contained the following spells:

 Spells                   Type           Power      Damage    Failure   Level
 Confusing Touch          Hex            14%        N/A       12%         3
 Tukima's Dance           Hex            14%        N/A       12%         3
 Ensorcelled Hibernation  Hex/Ice        16%        N/A       13%         2
 Dazzling Flash           Conj/Hex       16%        N/A       26%         3


Dungeon Overview and Level Annotations

Branches:
Dungeon (1/15)

Altars:


Innate Abilities, Weirdness & Mutations

You are very small and have problems with some larger weapons.
You are too small for most types of armour.
You have supernaturally acute eyesight. (SInv)
You cover ground extremely quickly. (Speed+++)


Message History

Here: a felid (fire blocked by a translucent stone wall)
The floor.
Unknown command.
Here: a dwarf (fire blocked by a translucent stone wall)
The floor.
Unknown command.
As you open the door, it creaks loudly!
You hear a shout!
A kobold comes into view. It is wielding a +0 dagger.
There is an open door here.
The kobold misses you.
You hit the kobold.
You kill the kobold!
An endoplasm comes into view.
The endoplasm quivers.
You hit the endoplasm but do no damage. You hit the endoplasm.
The endoplasm hits you.
You hit the endoplasm but do no damage. The endoplasm freezes you.
You are frozen.
You are too injured to fight recklessly!
You are too injured to fight recklessly!
You are too injured to fight recklessly!
You hit the endoplasm.
The endoplasm hits you but does no damage.
You hit the endoplasm.
You kill the endoplasm!
A rat comes into view.
An endoplasm comes into view.
The endoplasm quivers.
You barely miss the rat. The rat bites you.
You hit the rat. The rat bites you but does no damage.
You completely miss the rat. The rat bites you but does no damage.
You hit the rat. The rat completely misses you.
You closely miss the rat. The rat closely misses you.
You hit the rat but do no damage. The endoplasm hits you. The rat bites you.
* * * LOW HITPOINT WARNING * * *
You hit the rat.
You kill the rat!
The endoplasm hits you.
You die...

#..... #.....
.. #..... ..#
#.....# ##..
#...... #..#..
#...... #....#.
#.....†#..# ..#
#.....#@J.##...
#....#.........
#...........###
+..........##
#..........#
#..........#
#######.#+##
#...# ##..#


You could see an endoplasm.

Vanquished Creatures
  An endoplasm (D:1)
  A kobold (D:1)
  A rat (D:1)
3 creatures vanquished.

Notes
Turn   | Place    | Note
-------+----------+-------------------------------------------
     0 | D:1      | Colgate the Spriggan Enchanter began the quest for the Orb.
     0 | D:1      | Reached XP level 1. HP: 9/9 MP: 5/5
     2 | D:1      | Noticed an ogre
     2 | D:1      | Noticed a gargoyle
     4 | D:1      | Noticed a tengu
     4 | D:1      | Noticed a human
     6 | D:1      | Noticed a demigod
     8 | D:1      | Noticed a demonspawn
     8 | D:1      | Noticed a naga
    10 | D:1      | Noticed a vine stalker
    12 | D:1      | Noticed a spriggan
    14 | D:1      | Noticed a felid
    14 | D:1      | Noticed a draconian
    16 | D:1      | Noticed a vampire
    18 | D:1      | Noticed an elf
    18 | D:1      | Noticed a troll
    20 | D:1      | Noticed an octopode
    20 | D:1      | Noticed a formicid
    22 | D:1      | Noticed a merfolk
    22 | D:1      | Noticed a minotaur
    24 | D:1      | Noticed a ghoul
    26 | D:1      | Noticed a dwarf
   112 | D:1      | Slain by an endoplasm

Illustrated notes

Levels and vault maps discovered:
D:1:      kb_arrival_jail, layout_basic, serial_shops, shop, minivault_26,
          minmay_split_cup_large

Action                   || total
-------------------------++-------
Melee: Dagger            ||    13
Armor: Robe              ||     3
Dodge: Dodged            ||     3

Table legend: (Time is in decaauts)
 A = Elapsed time spent in this place.
 B = Non-inter-level travel time spent in this place.
 C = Inter-level travel time spent in this place.
 D = Time resting spent in this place.
 E = Time spent auto-exploring this place.
 F = Levels seen in this place.
 G = Mean time per level.
                   A        B        C        D        E       F      G
               +--------+--------+--------+--------+--------+-----+--------+
         Total |     72 |     72 |      0 |      0 |     16 |   1 |   72.0 |
       Dungeon |     72 |     72 |      0 |      0 |     16 |   1 |   72.0 |
               +--------+--------+--------+--------+--------+-----+--------+

Top non-repeatable levels by time:
     D:1: 72 daAuts
